 Dungeon Crawl Stone Soup version 0.30-a0-210-g01b79a254e (webtiles) character file.

Game seed: 15768953168871162181

13703 KennySheep the Thaumaturge (level 12, -2/91 HPs)
             Began as a Djinni Hedge Wizard on Oct 4, 2022.
             Was an Elder of Cheibriados.
             Slain by a cane toad (4 damage)
             ... on level 1 of the Lair of Beasts on Oct 5, 2022.
             The game lasted 00:33:36 (13216 turns).

KennySheep the Thaumaturge (Djinni Hedge Wizard)   Turns: 13216, Time: 00:33:37

Health: -2/91      AC:  3    Str: 31    XL:     12   Next: 36%
Gold:   181        EV: 18    Int: 32    God:    Cheibriados [****..] SH:  0 Dex: 22

rFire   + + .      SeeInvis .    I - +2 dagger (antimagic)
rCold   x . .      Faith    .    (no shield)
rNeg    . . .      Spirit   .    b - +0 robe
rPois   ∞          Reflect  .    c - +0 hat
rElec   .          Harm     .    (no cloak)
rCorr   .          Rampage  .    r - +0 pair of gloves
Will    +....                    (boots unavailable)
Stlth   ++........               (no amulet)
HPRegen 0.35/turn                w - +6 ring of strength
MPRegen 0.00/turn                K - +6 ring of strength

@: flying, very slow
A: sickness immunity, fire resistance 2, cold vulnerability 1, float, innate
caster, HP casting, extra vitality 1
a: Renounce Religion, Bend Time, Temporal Distortion, Slouch


You were on level 1 of the Lair of Beasts.
You worshipped Cheibriados.
Cheibriados was greatly pleased with you.
You visited 3 branches of the dungeon, and saw 14 of its levels.

You collected 827 gold pieces.
You spent 646 gold pieces at shops.

Inventory:

Hand Weapons
 I - a +2 antimagic dagger (weapon)
Missiles
 G - a throwing net
Armour
 b - a +0 robe (worn)
 c - a +0 hat (worn)
 r - a +0 pair of gloves (worn)
Jewellery
 s - a ring of willpower
 w - a +6 ring of strength (left hand)
 K - a +6 ring of strength (right hand)
Wands
 E - a wand of flame (25)
 L - a wand of acid (13)
 N - a wand of iceblast (8)
 O - a wand of digging (6)
Scrolls
 d - a scroll of vulnerability
 e - 5 scrolls of fog
 f - 7 scrolls of identify
 g - 4 scrolls of immolation
 h - a scroll of brand weapon
 i - 2 scrolls of amnesia
 m - 2 scrolls of enchant armour
 o - a scroll of noise
 v - 3 scrolls of poison
 x - a scroll of enchant weapon
 y - a scroll of silence
 z - 3 scrolls of teleportation
 A - a scroll of fear
 B - a scroll of blinking
 D - 2 scrolls of magic mapping
 J - 3 scrolls of summoning
Potions
 a - a potion of berserk rage
 j - a potion of magic {unknown}
 k - 6 potions of heal wounds
 l - 7 potions of curing
 n - a potion of haste
 p - 2 potions of brilliance
 q - 2 potions of resistance
 t - 2 potions of flight {unknown}
 u - a potion of invisibility {unknown}
 C - 2 potions of mutation {unknown}
 F - 2 potions of might
 H - 4 potions of lignification
 M - 2 potions of attraction


   Skills:
 + Level 10.2 Fighting
 + Level 8.4 Dodging
 - Level 1.6 Stealth
 * Level 11.5 Spellcasting


You had 9 spell levels left.
You knew the following spells:

 Your Spells              Type           Power      Damage    Failure   Level
a - Magic Dart            Conj           100%       1d8       1%          1
b - Slow                  Hex            100%       N/A       1%          1
c - Blink                 Tloc           100%       N/A       1%          2
d - Call Imp              Summ           75%        N/A       1%          2
e - Cigotuvi's Dreadful   Necr/Pois/Air  100%       N/A       1%          2
f - Mephitic Cloud        Conj/Pois/Air  75%        N/A       1%          3
g - Foxfire               Conj/Fire      100%       2x1d9     1%          1
h - Scorch                Fire           100%       2d10      1%          2
i - Stone Arrow           Conj/Erth      100%       3d13      1%          3
j - Flame Wave            Conj/Fire      75%        2d17      1%          4
k - Anguish               Hex/Necr       37%        N/A       1%          4
Your spell library was empty.

Dungeon Overview and Level Annotations

Branches:
Dungeon (12/15)            Temple (1/1) D:6            Lair (1/5) D:8
    Orc (0/2) D:9

Altars:
Ashenzari
Cheibriados
Dithmenos
Elyvilon
Fedhas
Gozag
Hepliaklqana
Makhleb
Nemelex Xobeh
Okawaru
Qazlal
Ru
Trog
Uskayaw
Wu Jian
Xom
Yredelemnul
Zin
The Shining One

Shops:
D:10 *?*!

Annotations:
D:5 2 transporters


Innate Abilities, Weirdness & Mutations

You are immune to sickness and miasma.
You are immune to poison.
Your flesh is very heat resistant. (rF++)
You are vulnerable to cold. (rC-)
You float through the air rather than walking.
You learn spells naturally, not from books.
Your magical power is your life essence.
You have superior vitality. (+4 MHP)


Message History

You now have 159 gold pieces (gained 12).
You now have 181 gold pieces (gained 22).
N - a wand of iceblast (8) (gained 5 charges)
A cane toad comes into view.
A cane toad is nearby!
A cane toad is nearby!
A catoblepas comes into view.
The catoblepas bellows!
The catoblepas breathes a plume of calcifying dust at you.
The blast of calcifying dust hits you!
The catoblepas moves out of view.
The catoblepas breathes a plume of calcifying dust at you.
The blast of calcifying dust hits you.
The catoblepas breathes a plume of calcifying dust at you.
The blast of calcifying dust hits you!
The stone arrow hits the catoblepas!!
The catoblepas is heavily wounded.
The stone arrow hits the catoblepas!!
The catoblepas is severely wounded.
The stone arrow hits the catoblepas!
The catoblepas is almost dead.
The catoblepas breathes a plume of calcifying dust at you.
The blast of calcifying dust hits you.
The catoblepas breathes a plume of calcifying dust at you.
The blast of calcifying dust hits you.
The catoblepas breathes a plume of calcifying dust at you.
The blast of calcifying dust hits you!
The cane toad croaks.
The catoblepas breathes a plume of calcifying dust at you.
The blast of calcifying dust hits you! The catoblepas gores you!!
* * * LOW HITPOINT WARNING * * *
The catoblepas barely misses you.
The cane toad stings you but does no damage.
The cane toad attacks as you move away! The cane toad stings you!
* * * LOW HITPOINT WARNING * * *
The catoblepas breathes a plume of calcifying dust at you.
The blast of calcifying dust hits you!
* * * LOW HITPOINT WARNING * * *
The cane toad stings you.
You die...

####.# ##. #. ### #.
##.###### #. #
#.......#### .###.####
##.........#.
......§.####............
.......@§##.###.........
.......FY§§§§.<........#
.........§..##.#.#....##
.............#####P.####
..............# #### #
...............# ##
.............### #.
.............# ####.
............# ###....


You could see a catoblepas and a cane toad.

Vanquished Creatures
  Erolcha (D:9)
  3 two-headed ogres
  Pikel (D:9)
  A cyclops (D:11)
  A gargoyle (D:12)
  A cane toad (Lair:1)
  A komodo dragon (Lair:1)
  A troll (D:12)
  A polar bear (Lair:1)
  4 blink frogs (Lair:1)
  A shadow (D:11)
  16 yaks
  A wraith (D:12)
  2 wyverns
  A basilisk (D:11)
  5 vampire mosquitoes
  8 water moccasins
  5 orc warriors (D:9)
  3 ice beasts
  3 sky beasts
  An ogre (D:6)
  6 centaurs
  A lemure (D:9)
  2 kobold brigands (D:9)
  6 bullfrogs
  3 scorpions
  11 wights
  6 howler monkeys
  6 electric eels (D:10)
  3 orc priests
  4 hounds
  2 jellies
  3 iron imps (D:8)
  5 iguanas
  3 orc wizards
  6 adders
  2 shadow imps
  4 white imps
  39 orcs
  11 endoplasms
  2 giant cockroaches
  8 hobgoblins
  8 jackals (D:3)
  A quokka (D:3)
  5 ball pythons
  6 bats
  6 frilled lizards
  10 goblins
  14 kobolds
  5 rats
249 creatures vanquished.

Vanquished Creatures (others)
  160 foxfires
  A fungus (Lair:1)
  10 plants (D:10)
171 creatures vanquished.

Grand Total: 420 creatures vanquished

Notes
Turn   | Place    | Note
-------+----------+-------------------------------------------
     0 | D:1      | KennySheep the Djinni Hedge Wizard began the quest for the
                  | Orb.
     0 | D:1      | KennySheep set off with the following spells memorised:
                  | Magic Dart, Slow, Blink, Call Imp, Cigotuvi's Dreadful Rot,
                  | Mephitic Cloud.
     0 | D:1      | Reached XP level 1. HP: 15/15 MP: 0/0
   136 | D:1      | Reached XP level 2. HP: 13/22 MP: 0/0
   475 | D:1      | Reached skill level 1 in Fighting
   489 | D:1      | Reached XP level 3. HP: 24/27 MP: 0/0
   489 | D:1      | Learned a level 1 spell: Foxfire
   599 | D:1      | Reached skill level 3 in Spellcasting
  1292 | D:2      | Found a faded altar of an unknown god.
  1369 | D:2      | Reached XP level 4. HP: 12/32 MP: 0/0
  2178 | D:3      | Identified the +4 ring mail of the Solstice {Rampage Str+8
                  | Stlth+}
  2600 | D:3      | Reached XP level 5. HP: 32/38 MP: 0/0
  2600 | D:3      | Learned a level 2 spell: Scorch
  2951 | D:4      | Reached skill level 4 in Spellcasting
  3279 | D:4      | Reached XP level 6. HP: 37/45 MP: 0/0
  3515 | D:5      | Entered Level 5 of the Dungeon
  3738 | D:5      | Noticed an ice beast
  3751 | D:5      | Killed an ice beast
  3752 | D:5      | Reached skill level 5 in Spellcasting
  3752 | D:5      | Reached XP level 7. HP: 23/51 MP: 0/0
  3752 | D:5      | Learned a level 3 spell: Stone Arrow
  3919 | D:5      | Noticed a water moccasin
  3925 | D:5      | Killed a water moccasin
  4080 | D:5      | Found an ornate altar of the Wu Jian Council.
  4104 | D:5      | Noticed a yak
  4105 | D:5      | Noticed a yak
  4105 | D:5      | Noticed a two-headed ogre
  4111 | D:5      | Found a transporter.
  4119 | D:5      | Reached XP level 8. HP: 53/58 MP: 0/0
  4262 | D:5      | Found a transporter.
  4457 | D:6      | Reached skill level 6 in Spellcasting
  4652 | D:6      | Found a hide-covered altar of Uskayaw.
  4654 | D:6      | Found a hazy altar of Hepliaklqana.
  4661 | D:6      | Found a bloodstained altar of Trog.
  4664 | D:6      | Found a glowing golden altar of the Shining One.
  4664 | D:6      | Found a white marble altar of Elyvilon.
  4671 | D:6      | Found a blossoming altar of Fedhas.
  4672 | D:6      | Found a sacrificial altar of Ru.
  4674 | D:6      | Reached skill level 5 in Fighting
  4749 | D:6      | Found a staircase to the Ecumenical Temple.
  4787 | Temple   | Entered the Ecumenical Temple
  5022 | Temple   | Became a worshipper of Cheibriados the Contemplative
  5312 | D:6      | Reached skill level 7 in Spellcasting
  5312 | D:6      | Reached XP level 9. HP: 33/66 MP: 0/0
  5312 | D:6      | Learned a level 4 spell: Flame Wave
  5990 | D:7      | Reached * piety under Cheibriados
  6293 | D:8      | Reached skill level 8 in Spellcasting
  6404 | D:8      | Found a burning altar of Makhleb.
  6514 | D:8      | Found a staircase to the Lair.
  7346 | D:9      | Noticed a two-headed ogre
  7350 | D:9      | Killed a two-headed ogre
  7351 | D:9      | Reached XP level 10. HP: 62/75 MP: 0/0
  7532 | D:9      | Noticed Pikel
  7536 | D:9      | Killed Pikel
  7537 | D:9      | Reached skill level 9 in Spellcasting
  7735 | D:9      | Noticed Erolcha
  7738 | D:9      | Killed Erolcha
  7826 | D:9      | Reached skill level 5 in Dodging
  7955 | D:9      | Reached ** piety under Cheibriados
  8281 | D:9      | Noticed a two-headed ogre
  8294 | D:9      | HP: 2/76 [two-headed ogre/+0 giant spiked club (22)]
  8598 | D:9      | Reached XP level 11. HP: 67/82 MP: 0/0
  8598 | D:9      | Learned a level 4 spell: Anguish
  8984 | D:9      | Found a staircase to the Orcish Mines.
  9098 | D:10     | Entered Level 10 of the Dungeon
  9101 | D:10     | Reached skill level 10 in Spellcasting
  9319 | D:10     | Reached *** piety under Cheibriados
  9325 | D:10     | Found Tistrem's Magic Scroll Shop.
  9521 | D:10     | Found Hownopte's General Store.
  9522 | D:10     | Found Wetineliwyz's Assorted Antiques.
  9523 | D:10     | Found Qyzxeny's Distillery.
  9611 | D:10     | Bought a scroll of summoning for 104 gold pieces
  9611 | D:10     | Bought a scroll of fear for 44 gold pieces
  9614 | D:10     | Bought a potion of might for 64 gold pieces
  9616 | D:10     | Bought a scroll of identify for 32 gold pieces
  9619 | D:10     | Bought a scroll of identify for 22 gold pieces
  9619 | D:10     | Bought a scroll of identify for 22 gold pieces
  9619 | D:10     | Bought a scroll of identify for 22 gold pieces
  9630 | D:10     | Bought a potion of heal wounds for 60 gold pieces
  9630 | D:10     | Bought a potion of berserk rage for 60 gold pieces
  9630 | D:10     | Bought a potion of lignification for 36 gold pieces
  9630 | D:10     | Bought a potion of resistance for 120 gold pieces
  9630 | D:10     | Bought a potion of heal wounds for 60 gold pieces
 10145 | D:10     | Noticed a two-headed ogre
 10149 | D:10     | Killed a two-headed ogre
 11280 | D:11     | Noticed a two-headed ogre
 11285 | D:11     | Killed a two-headed ogre
 11288 | D:11     | Noticed a cyclops
 11296 | D:11     | Killed a cyclops
 11297 | D:11     | Reached skill level 11 in Spellcasting
 11708 | D:12     | Reached XP level 12. HP: 24/91 MP: 0/0
 12006 | D:12     | Reached **** piety under Cheibriados
 12275 | Lair:1   | Entered Level 1 of the Lair of Beasts
 12387 | Lair:1   | Reached skill level 10 in Fighting
 13205 | Lair:1   | Noticed a catoblepas
 13216 | Lair:1   | HP: 2/91 [catoblepas/blast of calcifying dust (10)]
 13216 | Lair:1   | Slain by a cane toad

Illustrated notes

Levels and vault maps discovered:
D:1:      scummos_arrival_hexagon, layout_loops_ring, hangedman_decor_lopped
D:2:      layout_basic, chequers_ecumenical_altar_twisty, grunt_ministairs_13,
          minmay_surrounded
D:3:      layout_basic
D:4:      layout_basic
D:5:      layout_rooms, grunt_temple_overflow_magic_moments,
          gammafunk_temple_overflow_arena, st_stairs_9
D:6:      layout_basic, nicolae_overflow_hallway_of_the_gods, temple_statues
D:7:      layout_rooms, grunt_ministairs_14
D:8:      layout_basic, demons_altar
D:9:      layout_gridville, david_orc_4, uniq_erolcha, uniq_pikel
D:10:     layout_basic, serial_bayou_ford_a,
          hangedman_abyss_or_decor_lesser_grid, minmay_shop_grid_forest
D:11:     layout_irregular_city
D:12:     layout_roguey, nicolae_kite_square_tiling_tiny
Temple:   dpeg_chambers_temple
Lair:1:   layout_cave_pods

Skill      XL: |  1  2  3  4  5  6  7  8  9 10 11 12 |
---------------+-------------------------------------+-----
Fighting       | 1 2 3 4 5 7 8 9 10 | 10.2
Spellcasting   | 3 4 5 7 8 9 11 | 11.5
Dodging        | 3 5 7 8 |  8.4
Stealth        | |  1.6

Action                   |  1- 3 |  4- 6 |  7- 9 | 10-12 || total
-------------------------+-------+-------+-------+-------++-------
Melee: Dagger            |    21 |    39 |     5 |    15 ||    80
 Cast: Magic Dart        |    49 |    18 |       |       ||    67
       Foxfire           |    29 |    80 |       |       ||   109
       Blink             |       |     1 |       |     1 ||     2
       Mephitic Cloud    |       |     1 |       |       ||     1
       Stone Arrow       |       |       |   109 |   177 ||   286
       Flame Wave        |       |       |       |     7 ||     7
       Anguish           |       |       |       |     1 ||     1
  Use: Scroll            |     3 |     5 |       |     9 ||    17
       Potion            |       |     4 |       |     1 ||     5
 Stab: Sleeping          |     1 |     3 |       |       ||     4
Armor: Robe              |    10 |    23 |     2 |    10 ||    45
Dodge: Dodged            |    36 |    63 |    11 |    73 ||   183

Table legend: (Time is in decaauts)
 A = Elapsed time spent in this place.
 B = Non-inter-level travel time spent in this place.
 C = Inter-level travel time spent in this place.
 D = Time resting spent in this place.
 E = Time spent auto-exploring this place.
 F = Levels seen in this place.
 G = Mean time per level.
                   A        B        C        D        E       F      G
               +--------+--------+--------+--------+--------+-----+--------+
         Total |  15421 |  14877 |    544 |   3147 |  10048 |  14 | 1101.5 |
       Dungeon |  13783 |  13273 |    510 |   2983 |   8774 |  12 | 1148.6 |
        Temple |    269 |    236 |     33 |      0 |    187 |   1 |  269.0 |
          Lair |   1368 |   1368 |      0 |    164 |   1087 |   1 | 1368.0 |
               +--------+--------+--------+--------+--------+-----+--------+

Top non-repeatable levels by time:
     D:9: 2153 daAuts
    D:10: 1937 daAuts
    D:11: 1495 daAuts
  Lair:1: 1368 daAuts
     D:8: 1357 daAuts
     D:6: 1099 daAuts
     D:2: 1022 daAuts
     D:3: 959 daAuts
     D:5: 924 daAuts
     D:1: 801 daAuts
     D:4: 712 daAuts
     D:7: 692 daAuts
    D:12: 626 daAuts
  Temple: 269 daAuts
